 Dungeon Crawl Stone Soup version 0.31.0-2-g5a2aebc5c2 (webtiles) character file.

Game seed: 6784909964804879923

22274 gelatine the Severer (level 12, -5/110 HPs)
             Began as a Minotaur Fighter on Jan 20, 2024.
             Was the Champion of Okawaru.
             Slain by a six-headed hydra (10 damage)
             ... on level 1 of the Lair of Beasts on Jan 21, 2024.
             The game lasted 00:31:41 (10389 turns).

gelatine the Severer (Minotaur Fighter)            Turns: 10389, Time: 00:31:41

Health: -5/110     AC: 22    Str: 39    XL:     12   Next: 61%
Magic:  14/16      EV: 17    Int:  5    God:    Okawaru [******]
Gold:   613        SH:  7    Dex: 15    Spells: 11/11 levels left

rFire   . . .        I - +2 sling of gelatine's Death {heavy, Str+3}
rCold   . . .        c - +0 buckler
rNeg    . . .        P - +0 swamp dragon scales
rPois   +            (helmet restricted)
rElec   .            g - +2 cloak {Will+}
rCorr   .            f - +2 pair of gloves {Str+3}
SInv    .            v - +2 pair of boots
Will    +....        k - amulet of regeneration
Stlth   +++          K - +6 ring of strength
HPRegen 1.18/turn    J - +6 ring of dexterity
MPRegen 0.15/turn

%: no passive effects
@: heroic
A: horns 2, retaliatory headbutt
a: Renounce Religion, Heroism, Finesse, Duel, Receive Weapon, Receive Armour


You were on level 1 of the Lair of Beasts.
You worshipped Okawaru.
Okawaru was exalted by your worship.
You visited 3 branches of the dungeon, and saw 13 of its levels.

You collected 772 gold pieces.
You spent 159 gold pieces at shops.

Inventory:

Hand Weapons
 w - a +1 hand axe of draining
 B - a +3 war axe
 H - a +4 war axe
 I - the +2 sling of gelatine's Death (weapon) {heavy, Str+3}
   (You found it on level 9 of the Dungeon)

   Str+3:     It affects your strength (+3).
Missiles
 a - 8 poisoned darts
 Q - 4 javelins
 R - 2 curare-tipped darts
 S - 5 boomerangs
Armour
 b - +0 acid dragon scales
 c - a +0 buckler (worn)
 f - a +2 pair of gloves of strength (worn)
 g - a +2 cloak of willpower (worn)
 v - a +2 pair of boots (worn)
 O - a +1 ring mail of cold resistance
 P - +0 swamp dragon scales (worn)
Jewellery
 k - an amulet of regeneration (around neck)
 m - a ring of see invisible
 p - an amulet of guardian spirit
 s - a ring of protection from cold
 G - the amulet of Qeudygg {RegenMP Harm MP+9 Int-3}
   (You found it on level 2 of the Lair of Beasts)

   [amulet of magic regeneration]

   RegenMP:   It increases your rate of magic regeneration.
   Int-3:     It affects your intelligence (-3).
   MP+9:      It affects your magic capacity (+9).
   Harm:      It increases damage dealt and taken.
 J - a +6 ring of dexterity (right hand)
 K - a +6 ring of strength (left hand)
 T - a ring of ice
 U - a ring of willpower
Wands
 r - a wand of digging (6)
 F - a wand of roots (3)
 L - a wand of flame (18)
 N - a wand of mindburst (18)
Scrolls
 h - a scroll of vulnerability
 i - a scroll of fog
 j - 3 scrolls of enchant weapon
 o - 3 scrolls of immolation
 t - 6 scrolls of noise
 u - a scroll of torment
 x - 2 scrolls of amnesia {unknown}
 y - a scroll of silence {unknown}
 z - 2 scrolls of teleportation
 D - a scroll of poison {unknown}
 M - a scroll of blinking {unknown}
 V - a scroll of brand weapon {unknown}
Potions
 d - 4 potions of might
 e - 2 potions of ambrosia
 l - 2 potions of haste
 n - a potion of enlightenment
 q - 2 potions of lignification
 A - 5 potions of curing
 C - a potion of heal wounds
 E - 2 potions of resistance
 W - a potion of cancellation


   Skills:
 * Level 11.1(16.1) Fighting
 * Level 16.1(21.1) Axes
 + Level 2.1(7.1) Throwing
 * Level 9.9(14.9) Armour
 * Level 6.5(11.5) Dodging
 + Level 1.8(6.8) Stealth
 * Level 8.4(13.4) Shields
 * Level 6.9 Invocations
 * Level 1.2 Evocations


You had 11 spell levels left.
You didn't know any spells.
Your spell library contained the following spells:

 Spells                   Type           Power      Damage    Failure   Level
 Apportation              Tloc           0%         N/A       56%         1
 Magic Dart               Conj           0%         1d3       56%         1
 Necrotise                Necr           0%         1d4       56%         1
 Sandblast                Erth           0%         2d4       56%         1
 Blink                    Tloc           0%         N/A       71%         2
 Ensorcelled Hibernation  Hex/Ice        0%         N/A       71%         2
 Jinxbite                 Hex            0%         N/A       71%         2
 Gell's Gravitas          Tloc           0%         N/A       90%         3
 Passwall                 Erth           0%         N/A       90%         3
 Sigil of Binding         Hex            0%         N/A       90%         3
 Stone Arrow              Conj/Erth      0%         3d7       90%         3
 Swiftness                Air            0%         N/A       90%         3
 Vampiric Draining        Necr           0%         2d6       90%         3
 Brom's Barrelling Bould  Conj/Erth      0%         2d3       100%        4
 Dimensional Bullseye     Hex/Tloc       0%         N/A       100%        4
 Dispel Undead            Necr           0%         3d6       100%        4
 Manifold Assault         Tloc           0%         N/A       100%        4
 Vhi's Electric Charge    Tloc/Air       0%         N/A       100%        4
 Alistair's Intoxication  Alch           0%         N/A       100%        5
 Curse of Agony           Necr           0%         N/A       100%        5
 Orb of Destruction       Conj           0%         9d5       100%        7
 Disjunction              Tloc           0%         N/A       100%        8
 Call Imp                 Summ           Unusable   N/A       N/A         2
 Call Canine Familiar     Summ           Unusable   N/A       N/A         3
 Martyr's Knell           Necr/Summ      Unusable   N/A       N/A         4
 Summon Blazeheart Golem  Fire/Summ      Unusable   N/A       N/A         4
 Spellforged Servitor     Conj/Summ      Unusable   N/A       N/A         7

Dungeon Overview and Level Annotations

Branches:
Dungeon (10/15)            Temple (1/1) D:5            Lair (2/5) D:10
  Swamp: Lair:2-3    Shoals: Lair:2-3     Snake: Lair:2-3    Spider: Lair:2-3
    Orc: D:9-12

Altars:
Ashenzari
Cheibriados
Dithmenos
Elyvilon
Fedhas
Gozag
Hepliaklqana
Kikubaaqudgha
Makhleb
Nemelex Xobeh
Okawaru
Qazlal
Ru
Sif Muna
Trog
Uskayaw
Vehumet
Wu Jian
Xom
Yredelemnul
Zin
The Shining One

Shops:
D:1 (   D:3 !   D:4 ?


Innate Abilities, Weirdness & Mutations

You have a pair of horns on your head.
You reflexively headbutt those who attack you in melee.


Message History

The six-headed hydra barely misses you.
You block the six-headed hydra's attack.
The six-headed hydra bites you but does no damage. x2
The six-headed hydra closely misses you.
You shoot a sling bullet.
The sling bullet completely misses the six-headed hydra.
The six-headed hydra bites you.
The six-headed hydra bites you but does no damage.
The six-headed hydra bites you!
* * * LOW HITPOINT WARNING * * *
You block the six-headed hydra's attack.
The six-headed hydra bites you but does no damage.
The six-headed hydra bites you.
* * * LOW HITPOINT WARNING * * *
You block the six-headed hydra's attack.
The six-headed hydra bites you but does no damage. x2
The six-headed hydra closely misses you.
The six-headed hydra barely misses you.
The six-headed hydra bites you but does no damage.
You gain the combat prowess of a mighty hero.
The six-headed hydra barely misses you.
The six-headed hydra bites you but does no damage. x2
The six-headed hydra misses you.
The six-headed hydra bites you but does no damage. x2
Fire: I) +2 sling of gelatine's Death {heavy, Str+3}
Press: ? - help, Q - select action, (/) - cycle Shift-Dir - straight line, f/p - six-headed hydra
Aim: a six-headed hydra (heavily wounded, 83% to hit)
You shoot a sling bullet.
The sling bullet hits the six-headed hydra.
The six-headed hydra is heavily wounded.
The six-headed hydra bites you but does no damage.
The six-headed hydra bites you!
* * * LOW HITPOINT WARNING * * *
The six-headed hydra closely misses you.
The six-headed hydra bites you!
* * * LOW HITPOINT WARNING * * *
The six-headed hydra bites you.
* * * LOW HITPOINT WARNING * * *
The six-headed hydra bites you!
You die...

..#..####.## #.##............#
........### #.##..#####..^#.#
....##..## ##.....# ##..#.##
..#####.P####..#...# ##.#..#
.#### #.###.##.##..# #.#.##
.##.###)...........# #.#.#
.........#.###.##..# #...#
#.#####..####...##.#######...#
#..P###..# #....@D...........#
#.......## #..####...........#
#.####### #.## #.#.#PPP######
#.# ### #.# #............# .(#
#.####.# ###.[.##..####.# #.#
#......# #.........# #.#
#######.###### #.#....#..##
#.# .....##.# #.....#...P# #.#
#.#./##.## #.#...#...####.##


You could see a six-headed hydra.

Vanquished Creatures
  Josephine (D:10)
  A two-headed ogre (D:10)
  Erica (D:9)
  An oklob plant (D:10)
  Maurice (D:9)
  2 black mambas
  Joseph (D:7)
  7 cane toads
  An unseen horror zombie (D:9)
  Maggie (D:9)
  4 rime drakes
  Jeremiah (D:9)
  7 komodo dragons
  2 trolls
  A polar bear (Lair:2)
  Prince Ribbit (D:9)
  3 hornets
  9 blink frogs
  A shadow (D:9)
  3 wyverns (Lair:2)
  5 wraiths
  3 basilisks (Lair:2)
  22 yaks
  A steam dragon (Lair:2)
  An acid dragon (D:10)
  5 water moccasins
  2 ice beasts
  An orc warrior (D:8)
  A black bear (D:5)
  2 sky beasts
  A hornet zombie (D:9)
  An ogre (D:5)
  5 centaurs
  A kobold brigand (D:8)
  9 bullfrogs
  2 gnoll sergeants
  2 scorpions (D:5)
  14 wights
  17 killer bees
  3 howler monkeys (D:10)
  2 centaur zombies (D:9)
  An orc priest (D:9)
  4 jellies
  2 bombardier beetles
  4 hounds
  A sleepcap (D:7)
  4 iguanas
  3 orc wizards (D:9)
  2 killer bee zombies (D:9)
  3 howler monkey zombies (D:9)
  7 gnolls
  8 adders
  A shadow imp (D:6)
  2 white imps
  2 ufetubi (D:5)
  4 ribbon worms
  2 dart slugs
  40 orcs
  7 bats
  7 endoplasms
  A giant cockroach (D:4)
  8 goblins
  10 hobgoblins
  4 jackals (D:5)
  6 quokkas
  6 ball pythons
  4 frilled lizards
  12 kobolds
  5 rats
309 creatures vanquished.

Notes
Turn   | Place    | Note
-------+----------+-------------------------------------------
     0 | D:1      | gelatine the Minotaur Fighter began the quest for the Orb.
     0 | D:1      | Reached XP level 1. HP: 19/19 MP: 0/0
    48 | D:1      | Found Ibru's Weapon Shop.
    84 | D:1      | Reached XP level 2. HP: 27/27 MP: 1/1
   494 | D:1      | Found a faded altar of an unknown god.
   792 | D:2      | Reached XP level 3. HP: 33/33 MP: 2/2
   835 | D:2      | Reached skill level 3 in Axes
  1048 | D:2      | Reached XP level 4. HP: 30/40 MP: 3/3
  1170 | D:2      | Reached skill level 1 in Dodging
  1214 | D:2      | Reached skill level 4 in Axes
  1313 | D:2      | Identified the +0 whip "Uptar" {freeze, rCorr Str+3 Dex+3}
  1560 | D:3      | Found Isiump's Distillery.
  1915 | D:3      | Reached XP level 5. HP: 47/47 MP: 4/4
  2350 | D:4      | You fall into a shaft and drop 3 floors!
  2358 | D:7      | Noticed a centaur
  2359 | D:7      | Found a hazy altar of Hepliaklqana.
  2365 | D:7      | Killed a centaur
  2366 | D:7      | Reached skill level 5 in Axes
  2453 | D:7      | Reached skill level 5 in Armour
  2453 | D:7      | Reached XP level 6. HP: 55/55 MP: 5/5
  2605 | D:7      | Noticed Joseph
  2616 | D:6      | Reached skill level 6 in Axes
  2671 | D:6      | Noticed an ice beast
  2675 | D:5      | Entered Level 5 of the Dungeon
  2716 | D:5      | Reached skill level 5 in Fighting
  2716 | D:5      | Reached XP level 7. HP: 17/61 MP: 6/6
  2823 | D:5      | Got Axeomahi's Guide on Orientation
  2850 | D:5      | Reached skill level 7 in Axes
  2850 | D:5      | Reached skill level 5 in Shields
  2856 | D:5      | Found a staircase to the Ecumenical Temple.
  3411 | D:4      | Found Voff's Magic Scroll Boutique.
  3420 | D:4      | Bought a scroll of noise for 11 gold pieces
  3420 | D:4      | Bought a scroll of identify for 22 gold pieces
  3420 | D:4      | Bought a scroll of enchant weapon for 82 gold pieces
  3420 | D:4      | Bought a scroll of fear for 44 gold pieces
  3554 | Temple   | Entered the Ecumenical Temple
  3792 | Temple   | Became a worshipper of Warmaster Okawaru
  3844 | D:6      | Reached XP level 8. HP: 64/69 MP: 7/7
  3886 | D:6      | Reached skill level 8 in Axes
  4083 | D:6      | Found an opulent altar of Gozag.
  4149 | D:6      | Found a snail-covered altar of Cheibriados.
  4185 | D:6      | Got Awkolit's Essays on Rot and Voltage
  4589 | D:7      | Reached skill level 1 in Stealth
  4734 | D:7      | Reached * piety under Okawaru
  4737 | D:7      | Reached skill level 9 in Axes
  4842 | D:7      | Killed Joseph
  5173 | D:8      | Reached XP level 9. HP: 71/78 MP: 8/8
  5178 | D:8      | Reached ** piety under Okawaru
  5179 | D:8      | Reached skill level 10 in Axes
  5208 | D:8      | Found a broken altar of Ashenzari.
  5570 | D:8      | Paralysed by a hornet for 1 turns
  5575 | D:8      | Reached *** piety under Okawaru
  5576 | D:8      | Reached skill level 11 in Axes
  5944 | D:8      | Found a stormy altar of Qazlal.
  6023 | D:9      | Identified the +2 sling of gelatine's Death {heavy, Str+3}
  6115 | D:9      | Noticed Erica
  6122 | D:9      | Killed Erica
  6123 | D:9      | Reached skill level 1 in Invocations
  6123 | D:9      | Reached XP level 10. HP: 64/86 MP: 8/10
  6185 | D:9      | Noticed Prince Ribbit
  6210 | D:9      | Killed Prince Ribbit
  6226 | D:9      | Noticed Jeremiah
  6238 | D:9      | Reached **** piety under Okawaru
  6239 | D:9      | Reached skill level 12 in Axes
  6245 | D:9      | Killed Jeremiah
  6305 | D:9      | Noticed Maurice
  6309 | D:9      | Something stole 189 gold
  6312 | D:9      | Killed Maurice
  6313 | D:9      | Reached skill level 1 in Throwing
  6625 | D:9      | Found a basalt altar of Yredelemnul.
  6644 | D:9      | Reached ***** piety under Okawaru
  6733 | D:9      | Paralysed by a hornet for 2 turns
  6885 | D:9      | Reached skill level 13 in Axes
  6887 | D:9      | Paralysed by a hornet for 1 turns
  7065 | D:9      | Noticed Maggie
  7075 | D:9      | Killed Maggie
  7075 | D:9      | Received a gift from Okawaru
  7354 | D:10     | Entered Level 10 of the Dungeon
  7360 | D:10     | Noticed an oklob plant
  7445 | D:10     | Reached XP level 11. HP: 93/95 MP: 13/13
  7476 | D:10     | Noticed Josephine
  7495 | D:10     | Killed Josephine
  7607 | D:10     | Noticed a two-headed ogre
  7615 | D:10     | Killed a two-headed ogre
  7712 | D:10     | Received a gift from Okawaru
  7757 | D:10     | Found a staircase to the Lair.
  8466 | D:10     | Killed an oklob plant
  8467 | D:10     | Reached skill level 5 in Dodging
  8467 | D:10     | Reached skill level 5 in Invocations
  8498 | Lair:1   | Entered Level 1 of the Lair of Beasts
  8521 | Lair:1   | Reached skill level 14 in Axes
  8539 | Lair:1   | Received a gift from Okawaru
  8543 | Lair:1   | Reached skill level 10 in Fighting
  8563 | Lair:1   | Reached ****** piety under Okawaru
  8576 | Lair:1   | Reached XP level 12. HP: 26/106 MP: 15/15
  9535 | Lair:2   | Reached skill level 15 in Axes
  9567 | Lair:2   | Received a gift from Okawaru
  9607 | Lair:2   | Identified the amulet of Qeudygg {RegenMP Harm MP+9 Int-3}
 10225 | Lair:2   | Reached skill level 16 in Axes
 10225 | Lair:2   | Reached skill level 1 in Evocations
 10255 | Lair:2   | Noticed a six-headed hydra
 10255 | Lair:2   | Noticed a seven-headed hydra
 10260 | Lair:2   | Noticed an eight-headed hydra
 10263 | Lair:2   | Noticed an eight-headed hydra
 10343 | Lair:2   | Noticed a six-headed hydra
 10389 | Lair:1   | HP: 5/110 [six-headed hydra (6)]
 10389 | Lair:1   | Slain by a six-headed hydra

Illustrated notes

Levels and vault maps discovered:
D:1:      dpeg_arrival_leaves_temple_mockup, layout_rooms, serial_shops,
          nicolae_diamond_shop, dreamdust_ecumenical_altar_statues,
          ebering_dispersal_statue_hall, minmay_misc_feat_columns, minivault_24,
          serial_bayou_lagoon_a
D:2:      layout_loops_ring, kennysheep_generic_room_15
D:3:      minmay_skewed_foursquare, layout_basic, serial_shops,
          nicolae_shop_tiny_glass
D:4:      layout_loops_cross, serial_shops, shop, portal_sewer_entry_d
D:5:      black_bear_nest_1, layout_rooms, minmay_temple_entry_large_hall,
          grunt_ministairs_1
D:6:      layout_basic, grunt_gozag_statues, slow_altar_1
D:7:      layout_loops_ring, mainiacjoe_overflow_24_doors, uniq_joseph
D:8:      layout_loops_corners, cheibrodos_ashenzari_chains,
          general_overflow_altar
D:9:      layout_loops_corners, nicolae_yredelemnul_corpse_copse, special_room
          [special_room_orc], minmay_between, uniq_erica, uniq_maurice,
          uniq_prince_ribbit1, uniq_jeremiah, uniq_maggie
D:10:     layout_basic, dpeg_oklobed_lair, uniq_josephine
Temple:   lightli_temple_of_artemis
Lair:1:   layout_loops_ring
Lair:2:   nzn_winding_woodlands_medium [nzn_winding_woodlands_5x5_perimeter,
          nzn_winding_woodlands_5x15_parted,
          nzn_winding_woodlands_5x5_checkerboard,
          nzn_winding_woodlands_5x5_closed_star,
          nzn_winding_woodlands_center_pierced_h,
          nzn_winding_woodlands_5x5_cross, nzn_winding_woodlands_hourglass,
          nzn_winding_woodlands_5x15_concentric,
          nzn_winding_woodlands_5x5_three], layout_long_grid,
          serial_bayou_pond_a, serial_bayou_shore_b

Skill      XL: |  1  2  3  4  5  6  7  8  9 10 11 12 |
---------------+-------------------------------------+-----
Shields        | 4 5 6 7 8 |  8.4
Fighting       | 4 5 6 7 8 10 11 | 11.1
Axes           | 3 4 5 6 7 9 11 13 14 16 | 16.1
Armour         | 4 5 6 7 8 9 |  9.9
Dodging        | 1 2 3 4 5 6 |  6.5
Stealth        | 1 |  1.8
Invocations    | 1 4 6 |  6.9
Throwing       | 1 2 |  2.1
Evocations     | 1 |  1.2

Action                     |  1- 3 |  4- 6 |  7- 9 | 10-12 || total
---------------------------+-------+-------+-------+-------++-------
  Melee: War axe           |    68 |    93 |   198 |   419 ||   778
         Headbutt          |     9 |    16 |    25 |    99 ||   149
   Fire: Sling             |       |       |       |    16 ||    16
  Throw: Dart              |       |       |       |     9 ||     9
         Javelin           |       |       |       |    10 ||    10
 Invoke: Heroism           |       |       |       |     1 ||     1
    Use: Scroll            |       |       |     7 |    12 ||    19
         Potion            |       |       |       |     3 ||     3
   Stab: Distracted        |       |       |     1 |       ||     1
         Sleeping          |       |       |       |     1 ||     1
 Armour: Scale mail        |    39 |    60 |   119 |   123 ||   341
         Swamp dragon scal |       |       |       |   258 ||   258
         Acid dragon scale |       |       |       |     1 ||     1
  Dodge: Dodged            |    30 |    52 |    78 |   295 ||   455
  Block: Buckler           |    16 |    25 |    36 |   131 ||   208
